AoeStats
← 小白

African Clearing

506645173Analyzed
4v4 RM · 18d ago on Sep 14, 2026· 36m 44s· 8 players
Game mode
Random Map
Map size
Large (8 player)
Population
200
Speed
Normal
Resources
Standard
Victory
Conquest
Starting age
Dark Age
Ending age
Imperial Age
RankedLock teamsTeams togetherTeam positionsShared explorationLock speedFull tech treeHidden civsTurbo modeCheats
Victory
Defeat
🇹🇼 Magyars · Taiwan
1933
+9
🇹🇼 Vietnamese · Taiwan
1868
+12
🇹🇼 Cumans · Taiwan
1854
+12
🇹🇼 Persians · Taiwan
1629
+22
🇨🇳 Mongols · China
1866
-18
🇧🇪 Chinese · Belgium
1808
-15
🇨🇳 Mongols · China
1712
-11
1690
-11
Chaos
2:57 Loom
11:53 Feudal Age
15:45 Castle Age
13:58 Double-Bit Axe
23:48 Horse Collar
24:53 Wheelbarrow
24:58 Bow Saw
26:42 Fletching
27:57 Stone Mining
28:50 Bodkin Arrow
31:58 Imperial Age
30:50 Ballistics
32:03 Hand Cart
32:28 Stone Shaft Mining
32:42 Bracer
33:43 Chemistry
经典不变的回忆 | memory
7:41 Double-Bit Axe
11:53 Loom
14:16 Feudal Age
19:48 Castle Age
18:56 Horse Collar
20:24 Bow Saw
20:48 Bow Saw
25:42 Town Watch
32:27 Stone Mining
34:18 Heavy Plow
34:45 Scale Barding Armor
34:48 Husbandry
35:32 Gold Mining
清远华
11:18 Feudal Age
12:47 Loom
15:42 Scale Barding Armor
23:35 Castle Age
23:03 Double-Bit Axe
23:08 Horse Collar
29:07 Town Watch
33:33 Gold Mining
35:34 Wheelbarrow
35:53 Forging
十大地方
10:24 Loom
12:24 Feudal Age
13:25 Double-Bit Axe
15:49 Stone Mining
18:10 Castle Age
17:57 Horse Collar
19:17 Bow Saw
22:43 Fletching
23:01 Gold Mining
27:23 Padded Archer Armor
27:20 Bodkin Arrow
28:04 Wheelbarrow
28:02 Husbandry
28:10 Padded Archer Armor
27:57 Town Watch
29:50 Bloodlines
30:52 Leather Archer Armor
31:46 Ballistics
35:45 Imperial Age
34:56 Hand Cart
36:29 Bracer
37:31 Chemistry
STEMI
13:51 Feudal Age
18:03 Castle Age
16:00 Double-Bit Axe
18:24 Wheelbarrow
18:35 Loom
19:29 Bow Saw
21:40 Horse Collar
27:08 Town Watch
28:45 Hand Cart
32:23 Imperial Age
30:15 Scale Barding Armor
30:20 Forging
30:32 Gold Mining
30:32 Stone Mining
32:08 Bloodlines
31:58 Husbandry
32:19 Chain Barding Armor
32:34 Iron Casting
32:34 Elite Battle Elephant
34:12 Plate Barding Armor
33:26 Light Cavalry
34:36 Chatras
散步小鵝
5:44 Loom
13:08 Feudal Age
16:49 Castle Age
15:45 Double-Bit Axe
16:21 Horse Collar
22:11 Bloodlines
25:28 Husbandry
30:59 Scale Barding Armor
35:58 Forging
小白
11:22 Feudal Age
11:52 Double-Bit Axe
12:45 Loom
22:06 Wheelbarrow
25:05 Castle Age
23:32 Gold Mining
24:07 Horse Collar
24:37 Stone Mining
26:00 Bow Saw
26:25 Hand Cart
27:50 Heavy Plow
29:38 Gold Shaft Mining
30:58 Gold Shaft Mining
34:03 Imperial Age
31:57 Scale Barding Armor
33:12 Gold Shaft Mining
32:37 Fletching
33:58 Bodkin Arrow
34:15 Masonry
34:25 Ballistics
34:50 Bloodlines
34:42 Padded Archer Armor
36:53 Chemistry
老天鵝
11:33 Feudal Age
12:05 Double-Bit Axe
13:47 Loom
20:04 Castle Age
19:29 Fletching
20:43 Bodkin Arrow
25:28 Horse Collar
26:43 Husbandry
28:42 Wheelbarrow
28:26 Bow Saw
30:50 Bloodlines
39:02 Imperial Age
37:12 Gold Mining
Connection lost

Rejoining the realm…

Still unreachable

The connection could not be restored.

Session expired

The server has moved on; the page needs a fresh start.